 Dungeon Crawl Stone Soup version 0.17-a0-1842-gacc33f2 (webtiles) character file.

1705 MikeDS the Chopper (level 9, -15/78 HPs)
             Began as a Hill Orc Fighter on Sept 17, 2015.
             Was a Follower of Okawaru.
             Demolished by a brown ugly thing (16 damage)
             ... on level 4 of the Dungeon.
             The game lasted 00:46:52 (6996 turns).

MikeDS the Chopper (Hill Orc Fighter)               Turns: 6996, Time: 00:46:52

Health: -15/78     AC: -1    Str: 21    XL:     9   Next: 3%
Magic:  11/11      EV: 11    Int:  8    God:    Okawaru [*.....]
Gold:   243        SH: 12    Dex: 11    Spells: 0 memorised, 8 levels left

rFire  . . .     SeeInvis .     a - +0 war axe
rCold  . . .     Clarity  .     b - +0 scale mail
rNeg   . . .     SustAt   .     c - +0 shield
rPois  .         Gourm    .     (no helmet)
rElec  .         Spirit   .     (no cloak)
rCorr  .         Warding  .     (no gloves)
rMut   .         Stasis   .     B - +0 pair of boots
MR     .....                    (no amulet)
Stlth  ++........               (no ring)
                                (no ring)

@: heroism, corroded equipment, not resistant to hostile enchantments,
unstealthy
A: no striking features
a: Heroism, Renounce Religion


You were on level 4 of the Dungeon.
You worshipped Okawaru.
Okawaru was aware of your devotion.
You were not hungry.

You visited 2 branches of the dungeon, and saw 7 of its levels.

You collected 243 gold pieces.

Inventory:

Hand weapons
 a - a +0 war axe (weapon)
 k - a +2 whip of venom
 t - a +0 whip of flaming
 u - a +0 dagger
 v - a +2 short sword of protection
 y - a +1 shortbow of flaming
 A - a +0 battleaxe
 G - a +0 flail
Missiles
 z - 83 arrows
 K - 3 tomahawks (quivered)
Armour
 b - a +0 scale mail (worn)
 c - a +0 shield (worn)
 s - a +0 chain mail
 B - a +0 pair of boots (worn)
Jewellery
 x - a cursed ring of teleportation {unknown}
Magical devices
 j - a wand of hasting (2)
 D - a wand of lightning (7)
Scrolls
 f - 3 scrolls of identify
 g - a scroll of magic mapping {unknown}
 i - 2 scrolls of recharging
 l - 2 scrolls of remove curse {unknown}
 m - a scroll of enchant armour {unknown}
 n - a scroll of amnesia
 p - 2 scrolls of random uselessness {unknown}
 w - 3 scrolls of immolation {unknown}
 C - a scroll of fear {unknown}
 J - 2 scrolls of enchant weapon {unknown}
Potions
 h - 2 potions of cure mutation
 q - 5 potions of curing
 E - a potion of mutation {unknown}
Comestibles
 e - 7 bread rations
 o - a royal jelly
 r - a slice of pizza
 F - a fruit
 H - 2 beef jerkies


   Skills:
 + Level 6.4(11.4) Fighting
 + Level 6.4(11.4) Axes
 + Level 3.9(8.9) Throwing
 + Level 5.8(10.8) Armour
 + Level 3.8(8.8) Stealth
 + Level 6.0(11.0) Shields
 + Level 3.2 Invocations


You had 8 spell levels left.
You didn't know any spells.

Dungeon Overview and Level Annotations

Branches:
Dungeon (6/15)             Temple (1/1) D:5

Altars:
Dithmenos
Elyvilon
Fedhas
Gozag
Makhleb
Okawaru
Qazlal
Ru
Sif Muna
Xom
Yredelemnul
The Shining One


Message History

You block the brown ugly thing's attack.
The brown ugly thing tail-slaps you.
* * * LOW HITPOINT WARNING * * *
You are splashed with acid!
The acid corrodes you!
The acid burns!
* * * LOW HITPOINT WARNING * * *
There is an open door here.
There is an open door here.
There is an open door here.
You block the brown ugly thing's attack.
There is an open door here.
There is a stone staircase leading up here.
You block the brown ugly thing's attack.
You climb upwards.
There is a stone staircase leading down here.
The brown ugly thing tail-slaps you.
* * * LOW HITPOINT WARNING * * *
You are splashed with acid!
The acid burns!
* * * LOW HITPOINT WARNING * * *
The brown ugly thing tail-slaps you!
You die...

### ##.[ ##... #....
########## #....
#.......># #....
#......u.# #....
#.......@### #....
#..........##########....
#...................#....
##########.####..........
#....##....#....
####....####....
######### #...######...
##.......####.#..........
#.........##..##.......##


You could see a brown ugly thing.

Vanquished Creatures
  Sigmund (D:5)
  Eustachio (D:5)
  3 ice beasts
  Purgy (D:4)
  An ogre (D:6)
  A centaur (D:3)
  3 giant frogs
  Blork the orc (D:5)
  A scorpion (D:4)
  A crimson imp (D:5)
  2 orc priests
  A centaur skeleton (D:6)
  5 hounds
  2 orc wizards
  3 worker ants
  A hound zombie (D:5)
  2 hound skeletons (D:4)
  3 adders
  2 oozes
  A worm (D:4)
  2 giant geckos (D:2)
  24 orcs
  4 giant cockroaches
  9 goblins
  3 hobgoblins
  A quokka (D:5)
  2 ball pythons
  3 giant newts
  3 jackals (D:4)
  6 kobolds
  11 rats
104 creatures vanquished.

Notes
Turn   | Place    | Note
--------------------------------------------------------------
     0 | D:1      | MikeDS the Hill Orc Fighter began the quest for the Orb.
     0 | D:1      | Reached XP level 1. HP: 19/19 MP: 1/1
   224 | D:1      | Reached XP level 2. HP: 27/27 MP: 2/2
   393 | D:2      | Found a blossoming altar of Fedhas.
   698 | D:2      | Found a white marble altar of Elyvilon.
   837 | D:2      | Reached XP level 3. HP: 33/33 MP: 3/3
   838 | D:2      | Reached skill level 1 in Stealth
   854 | D:2      | Reached skill level 4 in Fighting
  1184 | D:2      | Reached XP level 4. HP: 14/40 MP: 4/4
  1461 | D:2      | Reached skill level 1 in Throwing
  1708 | D:3      | Noticed a centaur
  1853 | D:3      | Killed a centaur
  1853 | D:3      | Reached XP level 5. HP: 20/47 MP: 5/5
  2499 | D:4      | Found a glowing golden altar of the Shining One.
  2721 | D:4      | Reached XP level 6. HP: 43/53 MP: 6/6
  2886 | D:4      | Noticed Purgy
  2911 | D:4      | Killed Purgy
  3096 | D:5      | Entered Level 5 of the Dungeon
  3187 | D:5      | Found a staircase to the Ecumenical Temple.
  3187 | D:5      | Noticed Eustachio
  3315 | D:5      | Noticed Sigmund
  3443 | D:6      | Reached skill level 5 in Fighting
  3443 | D:6      | Reached skill level 5 in Shields
  3443 | D:6      | Reached XP level 7. HP: 41/61 MP: 7/7
  3571 | D:5      | Found a deep blue altar of Sif Muna.
  3711 | D:5      | Noticed Blork the orc
  3789 | Temple   | Entered the Ecumenical Temple
  3839 | Temple   | Became a worshipper of Warmaster Okawaru
  4527 | D:6      | Reached skill level 5 in Axes
  4527 | D:6      | Reached skill level 5 in Armour
  4722 | D:6      | Reached XP level 8. HP: 66/69 MP: 8/8
  4743 | D:6      | Found a burning altar of Makhleb.
  4746 | D:6      | Noticed a cacodemon
  4780 | D:6      | Noticed a ynoxinul
  4780 | D:6      | Noticed an orange demon
  5569 | D:6      | Reached skill level 1 in Invocations
  5785 | D:6      | Noticed a brown ugly thing
  5844 | D:5      | Killed Eustachio
  5844 | D:5      | Reached skill level 6 in Fighting
  5882 | D:5      | Found a stormy altar of Qazlal.
  5996 | D:5      | Acquired Okawaru's first power
  6150 | D:5      | Killed Sigmund
  6512 | D:5      | Found an opulent altar of Gozag.
  6597 | D:5      | Killed Blork the orc
  6824 | D:5      | Reached XP level 9. HP: 52/77 MP: 11/11
  6995 | D:4      | HP: 1/78 [acid (7)]
  6996 | D:4      | Demolished by a brown ugly thing

Vault maps used:
D:1:      saegor_arrival_simple_a
D:2:      lemuel_crystal_altar, lemuel_crystal_altar
D:3:      first_bread
D:4:      old_standard_altar, uniq_purgy
D:5:      kennysheep_mini_moat, nicolae_overflow_crystal_walls,
          nicolae_gozag_cash_rules_everything_around_me,
          minmay_temple_entry_junction, uniq_eustachio, uniq_blork_the_orc,
          uniq_sigmund
D:6:      zin_academy, nicolae_overflow_hidden_temple, makhleb_altar_promises_db
Temple:   temple_of_Zot_ovaries

Action                   |  1- 3 |  4- 6 |  7- 9 || total
-------------------------+-------+-------+-------++-------
Melee: War axe           |   127 |   151 |   145 ||   423
       Whip              |       |       |    80 ||    80
Throw: Tomahawk          |       |     8 |    15 ||    23
Invok: Heroism           |       |       |     2 ||     2
  Use: Scroll            |     3 |     2 |     4 ||     9
       Potion            |       |     1 |     2 ||     3
  Eat: Chunk             |     1 |     6 |     7 ||    14
       Bread ration      |       |     1 |       ||     1
       Fruit             |       |       |     2 ||     2
